AoeStats
← Axolot

Nomad

505154955Analyzed
4v4 RM · 24d ago on Sep 8, 2026· 37m 17s· 8 players
Game mode
Random Map
Map size
231×231
Population
200
Speed
Normal
Resources
Standard
Victory
Conquest
Starting age
Dark Age
Ending age
Imperial Age
RankedLock teamsTeams togetherTeam positionsShared explorationLock speedFull tech treeHidden civsTurbo modeCheats
Victory
Defeat
🇦🇷 Italians · Argentina
1493
+9
🇦🇷 Byzantines · Argentina
1459
+11
🇦🇷 Burmese · Argentina
1437
+11
🇨🇱 Bulgarians · Chile
1334
+16
🇨🇴 Burgundians · Colombia
1387
-14
🇦🇷 Italians · Argentina
1341
-12
🇺🇸 Vikings · United States
1319
-11
🇹🇷 Spanish · Türkiye
1291
-10
evertone
5:59 Loom
15:16 Feudal Age
21:04 Fletching
AM | Tailor
4:35 Loom
13:54 Feudal Age
12:28 Double-Bit Axe
12:46 Fishing Lines
15:23 Bow Saw
18:29 Castle Age
16:33 Gillnets
17:04 Stone Mining
17:40 Town Watch
21:03 Gold Mining
22:14 Two-Man Saw
20:55 Horse Collar
22:20 Gold Shaft Mining
22:04 Scale Barding Armor
22:10 Forging
26:59 Wheelbarrow
27:10 Heavy Plow
33:53 Imperial Age
31:52 Chain Barding Armor
33:36 Hand Cart
35:00 Conscription
35:41 Plate Barding Armor
35:42 Iron Casting
36:23 Fletching
baha
5:03 Loom
14:32 Feudal Age
__18_Kirito_Arg
14:25 Feudal Age
15:45 Loom
18:33 Castle Age
17:35 Fishing Lines
19:03 Double-Bit Axe
20:07 Town Watch
21:44 Wheelbarrow
22:08 Gold Mining
23:03 Fletching
23:13 Gillnets
23:53 Bow Saw
23:25 Horse Collar
24:01 Padded Archer Armor
27:21 Bodkin Arrow
29:46 Leather Archer Armor
Axolot
6:31 Loom
13:23 Feudal Age
13:49 Fishing Lines
14:07 Fishing Lines
14:27 Double-Bit Axe
23:53 Castle Age
22:07 Gold Mining
23:49 Stone Mining
25:12 Medium Warships
25:14 Bow Saw
26:48 Siphons
27:57 Gold Shaft Mining
28:00 Scale Barding Armor
28:06 Forging
29:04 Chain Barding Armor
29:32 Gillnets
30:52 Stone Shaft Mining
32:01 Iron Casting
35:27 Imperial Age
34:44 Fletching
35:56 Elite Cataphract
37:26 Sanctity
37:22 Block Printing
恋蔓 | Yadranik
8:36 Loom
12:05 Feudal Age
12:44 Arson
16:43 Scale Mail Armor
21:19 Castle Age
20:28 Forging
28:11 Chain Mail Armor
30:01 Double-Bit Axe
31:34 Fishing Lines
32:03 Squires
36:28 Imperial Age
36:52 Iron Casting
35:42 Pikeman
37:06 Wheelbarrow
36:16 Horse Collar
38:10 Plate Mail Armor
Dino_Mate
5:06 Loom
11:55 Feudal Age
16:08 Castle Age
14:08 Double-Bit Axe
14:46 Fletching
16:04 Gold Mining
17:03 Bow Saw
16:52 Bodkin Arrow
17:56 Crossbowman
22:26 Horse Collar
23:06 Padded Archer Armor
26:46 Ballistics
26:45 Leather Archer Armor
27:14 Thumb Ring
30:55 Wheelbarrow
30:07 Town Watch
34:20 Imperial Age
35:04 Bracer
36:13 Chemistry
37:47 Conscription
37:43 Stone Mining
[VA] Tano_Pacman
7:24 Loom
13:20 Feudal Age
13:53 Town Watch
22:41 Castle Age
24:21 Fletching
26:00 Bodkin Arrow
29:41 Horse Collar
34:11 Wheelbarrow
34:49 Padded Archer Armor
36:18 Fishing Lines
37:06 Stone Mining
37:35 Gold Mining
Connection lost

Rejoining the realm…

Still unreachable

The connection could not be restored.

Session expired

The server has moved on; the page needs a fresh start.